 Dungeon Crawl Stone Soup version 0.23.2-40-g277498a001 (webtiles) character file.

Game seed: 4669717682024703607

72 AnyaFolger the Sneak (level 4, -3/36 HPs)
             Began as a Naga Wizard on Sept 9, 2019.
             Slain by a basilisk (8 damage)
             ... while petrified by a basilisk
             ... on level 4 of the Dungeon on Sept 10, 2019.
             The game lasted 00:05:52 (2738 turns).

AnyaFolger the Sneak (Naga Wizard)                  Turns: 2738, Time: 00:05:52

Health: -3/36      AC:  2    Str:  9    XL:     4   Next: 25%
Magic:  2/9        EV:  1    Int: 20    God:
Gold:   128        SH:  0    Dex:  9    Spells: 5/10 levels left

rFire    . . .     SeeInvis +   e - +0 dagger
rCold    . . .     Gourm    .   (no shield)
rNeg     + + +     Faith    .   a - +0 robe
rPois    ∞         Spirit   .   b - +0 hat
rElec    .         Reflect  .   (no cloak)
rCorr    .         Harm     .   (no gloves)
MR       .....                  (no barding)
Stlth    ++........             (no amulet)
HPRegen  0.12/turn              (no ring)
MPRegen  0.11/turn              (no ring)

@: petrified, very slow
A: large, see invisible, deformed body, poison resistance, slowness 2, slow
metabolism 1, spit poison 1, AC +1
a: Spit Poison


You were on level 4 of the Dungeon.
You were not hungry.

You visited 1 branch of the dungeon, and saw 4 of its levels.

You collected 128 gold pieces.

Inventory:

Hand Weapons
 e - a +0 dagger (weapon)
Armour
 a - a +0 robe (worn)
 b - a +0 hat (worn)
 n - a cursed +0 leather armour
Wands
 i - a wand of polymorph (4)
Scrolls
 c - 2 scrolls of identify
 p - a scroll of immolation
Potions
 h - a potion of degeneration {unknown}
 j - a potion of brilliance {unknown}
 k - a potion of invisibility {unknown}
 l - a potion of cancellation {unknown}
 m - a potion of resistance {unknown}
Comestibles
 d - 3 rations
 q - a chunk of flesh


   Skills:
 - Level 1.5 Dodging
 + Level 4.1 Stealth
 + Level 3.7 Spellcasting
 * Level 2.4 Conjurations
 - Level 1.0 Summonings
 - Level 1.0 Translocations


You had 5 spell levels left.
You knew the following spells:

 Your Spells              Type           Power        Failure   Level  Hunger
a - Magic Dart            Conj           ##..         4%          1    None
b - Blink                 Tloc           N/A          13%         2    ##.....
c - Call Imp              Summ           #.......     13%         2    ##.....

Your spell library contained the following spells:

 Spells                   Type           Power        Failure   Level  Hunger
 Slow                     Hex            #.......     21%         2    ##.....
 Conjure Flame            Conj/Fire      #.......     24%         3    ###....
 Mephitic Cloud           Conj/Pois/Air  #.......     28%         3    ###....


Dungeon Overview and Level Annotations

Branches:
Dungeon (4/15)
 Temple: D:4-7

Altars:
Hepliaklqana
Xom

Annotations:
D:4 Edmund


Innate Abilities, Weirdness & Mutations

You cannot wear boots.
Your serpentine skin is tough. (AC +1)
You have supernaturally acute eyesight. (SInv)
Armour fits poorly on your strangely shaped body.
Your system is resistant to poisons. (rPois)
You cover ground very slowly.
You have a slow metabolism.
You can spit poison.


Message History

You are slowing down.
Your crimson imp hits the basilisk.
Unknown command.
Unknown command.
Okay, then.
Okay, then.
It was a potion of curing.
You feel better. The basilisk bites you.
Your crimson imp hits the basilisk but does no damage.
Your limbs are stiffening.
You barely miss the basilisk.
The basilisk is lightly wounded.
The basilisk bites you!
* * * LOW HITPOINT WARNING * * *
Your crimson imp blinks!
The basilisk bites you but does no damage.
You have turned to stone.
The basilisk bites you!
* * * LOW HITPOINT WARNING * * *
The basilisk bites you!
You die...

#....# ... #..).#
.... #....##....
#.....5....
#######..........
.................
.........<..#...
...(...l§....#
.......@.....#
.......####..#
....... #...#
####### ##.# ...
@.


You could see a basilisk (inner flame) and a friendly crimson imp.

Vanquished Creatures
  An adder (D:3)
  A dart slug (D:2)
  A leopard gecko (D:2)
  An orc (D:3)
  2 giant cockroaches
  4 goblins
  4 hobgoblins
  2 jackals (D:2)
  A quokka (D:2)
  2 ball pythons
  4 bats
  4 frilled lizards
  8 kobolds
  5 rats
40 creatures vanquished.

Vanquished Creatures (collateral kills)
  An iguana (D:2)
  A jackal (D:2)
2 creatures vanquished.

Grand Total: 42 creatures vanquished

Notes
Turn   | Place    | Note
-------+----------+-------------------------------------------
     0 | D:1      | AnyaFolger the Naga Wizard began the quest for the Orb.
     0 | D:1      | Reached XP level 1. HP: 15/15 MP: 4/4
   386 | D:1      | Reached XP level 2. HP: 22/22 MP: 6/6
   396 | D:1      | Learned a level 2 spell: Blink
   399 | D:1      | Learned a level 2 spell: Call Imp
  1041 | D:2      | Found a hazy altar of Hepliaklqana.
  1211 | D:2      | Reached XP level 3. HP: 15/28 MP: 0/8
  1645 | D:2      | Found a shimmering altar of Xom.
  1646 | D:2      | Found a shimmering altar of Xom.
  1682 | D:2      | Found a shimmering altar of Xom.
  2153 | D:2      | Reached skill level 4 in Stealth
  2521 | D:3      | Reached XP level 4. HP: 36/36 MP: 6/9
  2705 | D:3      | Noticed a centaur
  2707 | D:3      | Noticed a wyvern
  2707 | D:3      | a centaur changed into a wyvern
  2710 | D:3      | Noticed an ice beast
  2710 | D:3      | a wyvern changed into an ice beast
  2720 | D:4      | Noticed Edmund
  2720 | D:4      | Noticed an ogre
  2722 | D:4      | Noticed a basilisk
  2722 | D:4      | an ogre changed into a basilisk
  2738 | D:4      | Slain by a basilisk

Skill      XL: |  1  2  3 |
---------------+----------+-----
Conjurations   | 2 |  2.4
Stealth        | 4 |  4.1
Dodging        | |  1.5
Spellcasting   | |  3.7
Summonings     | |  1.0
Translocations | |  1.0

Action                   |  1- 3 |  4- 6 || total
-------------------------+-------+-------++-------
Melee: Unarmed           |     8 |       ||     8
       Dagger            |    26 |     5 ||    31
 Cast: Magic Dart        |    51 |    14 ||    65
       Call Imp          |     3 |     4 ||     7
 Abil: Spit Poison       |    20 |     1 ||    21
Evoke: Wand              |       |     6 ||     6
  Use: Scroll            |     2 |     2 ||     4
       Potion            |       |     2 ||     2
  Eat: Chunk             |     4 |     1 ||     5
Armor: Robe              |    11 |     7 ||    18
Dodge: Dodged            |    44 |    10 ||    54
